 Dungeon Crawl Stone Soup version 0.23.2-33-g5129a83184 (webtiles) character file.

Game seed: 11802515644340071635

401 Lauz the Cudgeler (level 6, -3/37 HPs)
             Began as a Gargoyle Gladiator on July 9, 2019.
             Was a Follower of Vehumet.
             Slain by an ogre
             ... wielding a cursed -1 giant club
              (13 damage)
             ... on level 4 of the Dungeon.
             The game lasted 00:06:51 (3132 turns).

Lauz the Cudgeler (Gargoyle Gladiator)              Turns: 3132, Time: 00:06:52

Health: -3/37      AC:  9    Str: 17    XL:     6   Next: 85%
Magic:  6/6        EV: 12    Int: 11    God:    Vehumet [*.....]
Gold:   163        SH:  0    Dex: 11    Spells: 4/5 levels left

rFire    . . .     SeeInvis .   a - +0 flail
rCold    . . .     Gourm    .   (no shield)
rNeg     + . .     Faith    .   b - +0 leather armour
rPois    ∞         Spirit   .   c - +0 helmet
rElec    +         Reflect  .   i - +0 cloak
rCorr    .         Harm     .   (no gloves)
MR       .....                  (no boots)
Stlth    +.........             (no amulet)
HPRegen  0.12/turn              (no ring)
MPRegen  0.10/turn              (no ring)

@: about to teleport
A: negative energy resistance 1, electricity resistance, unbreathing,
petrification resistance, rot immunity, AC +4
a: Renounce Religion


You were on level 4 of the Dungeon.
You worshipped Vehumet.
Vehumet was aware of your devotion.
You were not hungry.

You visited 1 branch of the dungeon, and saw 5 of its levels.

You collected 163 gold pieces.

Inventory:

Hand Weapons
 a - a +0 flail (weapon)
Missiles
 d - 3 throwing nets (quivered)
Armour
 b - a +0 leather armour (worn)
 c - a +0 helmet (worn)
 i - a +0 cloak (worn)
Scrolls
 e - 3 scrolls of identify
 g - 2 scrolls of amnesia {unknown}
 j - 2 scrolls of teleportation
 k - a scroll of random uselessness {unknown}
 n - a scroll of immolation {unknown}
 o - a scroll of remove curse {unknown}
 p - a scroll of fog {unknown}
 t - a scroll of fear {unknown}
Potions
 h - 3 potions of heal wounds {unknown}
 l - a potion of ambrosia {unknown}
 m - a potion of agility {unknown}
 q - 4 potions of curing {unknown}
 r - a potion of lignification {unknown}
 s - 2 potions of flight
 u - a potion of berserk rage {unknown}
 v - a potion of invisibility {unknown}
Comestibles
 f - 7 rations


   Skills:
 * Level 3.3 Fighting
 * Level 5.8 Maces & Flails
 - Level 1.9 Throwing
 * Level 2.2 Armour
 - Level 3.3 Dodging
 * Level 0.3 Spellcasting
 * Level 0.5 Conjurations


You had 4 spell levels left.
You knew the following spells:

 Your Spells              Type           Power        Failure   Level  Hunger
a - Flame Tongue          Conj/Fire      #....        36%         1    ##.....
Your spell library was empty.

Dungeon Overview and Level Annotations

Branches:
Dungeon (5/15)
 Temple: D:4-7

Altars:
Makhleb
Vehumet
The Shining One

Annotations:
D:4 3 runed translucent doors, troglodite's ghost, novice GnWn


Innate Abilities, Weirdness & Mutations

You are resistant to torment.
Your stone body is resilient. (AC +4)
You are immune to poison.
You resist negative energy. (rN+)
You are resistant to electric shocks. (rElec)
You can survive without breathing.
You are immune to petrification.
You are immune to rotting.


Message History

The adder skeleton is almost destroyed.
The adder skeleton bites you but does no damage.
The adder skeleton closely misses you.
You sock the adder skeleton!
You destroy the adder skeleton!
Vehumet accepts your kill.
The ogre shouts!
The ogre is too close now for your liking.
An ogre is nearby!
The frilled lizard hisses angrily.
There is a glowing golden altar of the Shining One here.
You hit the ogre.
The ogre is lightly wounded.
The ogre hits you with a cursed -1 giant club!!
Ouch! That really hurt!
* * * LOW HITPOINT WARNING * * *
As you read the scroll of teleportation, it crumbles to dust.
You feel strangely unstable.
The ogre hits you with a cursed -1 giant club!
You die...

##........#....##.# #.###
..........#....##.# #...#
##........#..#.##g# #...#
#...........#.##.# #...#
#.####.####.#.##.##### #...# #.
#.##.....##..........# ##..# #.
#.#.......#..........#####..
#.##.#.......#..........#......
###........_..lO@.........#......
...?...#.......#..........#......
§......#.......#.................
§......##.....##.................
P§.....####.####.................
§P.§.............................
.................#########.......
§§#..............###########.###.
§##........................§§§P§.


You could see an ogre and a frilled lizard.

Vanquished Creatures
  An ogre (D:4)
  3 bullfrog zombies
  A hound (D:4)
  2 orc wizards (D:3)
  A bullfrog skeleton (D:4)
  3 adders
  2 adder zombies (D:4)
  An adder skeleton (D:4)
  A worm (D:2)
  A dart slug (D:1)
  A leopard gecko (D:2)
  4 orcs
  4 giant cockroaches
  4 goblins
  5 hobgoblins
  8 jackals
  2 quokkas
  6 bats
  5 frilled lizards
  2 giant cockroach zombies (D:4)
  2 kobolds (D:1)
  A leopard gecko zombie (D:4)
  4 rats
64 creatures vanquished.

Notes
Turn   | Place    | Note
-------+----------+-------------------------------------------
     0 | D:1      | Lauz the Gargoyle Gladiator began the quest for the Orb.
     0 | D:1      | Reached XP level 1. HP: 12/12 MP: 1/1
   196 | D:1      | Reached XP level 2. HP: 17/17 MP: 2/2
   661 | D:2      | Reached XP level 3. HP: 21/22 MP: 3/3
  1013 | D:2      | Found a radiant altar of Vehumet.
  1013 | D:2      | Found a burning altar of Makhleb.
  1144 | D:2      | Became a worshipper of Vehumet
  1194 | D:2      | Reached skill level 4 in Maces & Flails
  1474 | D:3      | Reached XP level 4. HP: 23/27 MP: 4/4
  1561 | D:3      | You fall through a shaft for 2 floors!
  1561 | D:5      | Entered Level 5 of the Dungeon
  1667 | D:4      | Reached skill level 1 in Armour
  1745 | D:4      | Noticed an ogre
  1756 | D:4      | Killed an ogre
  1756 | D:4      | Reached XP level 5. HP: 28/32 MP: 5/5
  1769 | D:4      | Reached skill level 5 in Maces & Flails
  1865 | D:4      | Found a glowing golden altar of the Shining One.
  2067 | D:3      | Reached XP level 6. HP: 30/37 MP: 6/6
  2323 | D:3      | Reached * piety under Vehumet
  2323 | D:3      | Offered knowledge of Flame Tongue by Vehumet.
  2385 | D:3      | Learned a level 1 spell: Flame Tongue
  3029 | D:4      | Found a runed translucent gate.
  3029 | D:4      | Found a runed translucent gate.
  3029 | D:4      | Found a runed translucent gate.
  3029 | D:4      | Noticed troglodite's ghost (novice GnWn)
  3031 | D:4      | Identified the +10 dagger "Newtbane" {pierce, Dex+4 Stlth+}
  3132 | D:4      | Slain by an ogre

Skill      XL: |  1  2  3  4  5  6 |
---------------+-------------------+-----
Maces & Flails | 4 5 |  5.8
Armour         | 1 2 |  2.2
Dodging        | 3 |  3.3
Fighting       | 3 |  3.3
Throwing       | |  1.9
Spellcasting   | |  0.3
Conjurations   | |  0.5

Action                   |  1- 3 |  4- 6 || total
-------------------------+-------+-------++-------
Melee: Flail             |   124 |   130 ||   254
  Use: Scroll            |       |     3 ||     3
  Eat: Chunk             |     1 |     3 ||     4
       Ration            |       |     1 ||     1
Armor: Leather armour    |    56 |    80 ||   136
Dodge: Dodged            |    97 |    96 ||   193
